 Dungeon Crawl Stone Soup version 0.18.1-48-g4cf74bf (console) character file.

3489 utis the Conjurer (level 10, 72/72 (73) HPs)
             Began as a Human Air Elementalist on Aug 26, 2016.
             Quit the game on level 6 of the Dungeon.
             The game lasted 00:45:58 (17565 turns).

utis the Conjurer (Human Air Elementalist)         Turns: 17565, Time: 00:45:59

HP:   72/72 (73)    AC:  0    Str:  9    XL:     10   Next: 27%
MP:   17/17         EV: 17    Int: 15    God:
Gold: 306           SH:  0    Dex: 17    Spells: 5 memorised, 6 levels left

rFire  . . .     SeeInvis .     d - +1 dagger (venom)
rCold  . . .     Gourm    .     (no armour)
rNeg   . . .     Faith    .     (no shield)
rPois  .         Spirit   .     (no helmet)
rElec  .         Dismiss  .     (no cloak)
rCorr  .         Reflect  .     (no gloves)
SustAt .         Harm     .     (no boots)
MR     .....                    (no amulet)
Stlth  ++........               (no ring)
                                (no ring)

@: repel missiles, not resistant to hostile enchantments, unstealthy
A: no striking features
a: no special abilities


You were on level 6 of the Dungeon.
You were near starving.

You visited 1 branch of the dungeon, and saw 7 of its levels.

You collected 306 gold pieces.

Inventory:

Hand Weapons
 a - a +2 whip of electrocution
 b - a +0 shortbow
 d - a +1 dagger of venom (weapon)
 e - a +0 dagger
 l - a +0 trident
 p - a -1 quarterstaff
 q - a +0 flail
 r - a +0 whip
 z - a +1 whip of electrocution
Missiles
 k - 78 arrows
 m - 50 bolts
 s - 4 tomahawks (quivered)
 t - 163 stones
 v - 69 sling bullets
 y - 9 poisoned needles
Magical Staves
 F - an uncursed staff of wizardry {!a}
Jewellery
 f - an uncursed ring of sustain attributes {unknown}
 g - an uncursed ring of protection from cold {unknown}
 h - a +5 amulet of reflection {unknown}
 j - an uncursed ring of protection from fire {unknown}
 R - an uncursed ring of resist corrosion {unknown}
Wands
 x - a wand of teleportation (2/9) {@v4}
 M - a wand of digging (10/24)
 N - a wand of slowing (29/48)
 P - a wand of iceblast (5/15)
 T - a wand of disintegration (11/24)
Scrolls
 n - a scroll of magic mapping {unknown}
 w - a scroll of teleportation {unknown}
 A - a scroll of recharging {unknown}
 B - a scroll of torment {unknown}
 D - a scroll of random uselessness {unknown}
 K - a scroll of enchant armour {unknown}
 L - a scroll of remove curse {@r2}
 O - 2 scrolls of amnesia {unknown}
 Q - a scroll of noise {unknown}
 S - a scroll of holy word {unknown}
Potions
 i - 2 potions of curing {@q1}
 C - a potion of ambrosia
 G - a potion of haste {unknown}
 H - a potion of heal wounds {unknown}
 I - a potion of brilliance {unknown}
 J - a potion of berserk rage {unknown}
Books
 E - a book of Air

   Spells                             Type                      Level
   a - Shock                          Conjuration/Air              1
   b - Swiftness                      Charms/Air                   2
   c - Repel Missiles                 Charms/Air                   2
   d - Static Discharge               Conjuration/Air              3
   e - Lightning Bolt                 Conjuration/Air              5
Comestibles
 c - 6 bread rations {@e1}
 o - 2 slices of pizza {@e2}
 u - 4 meat rations {@e1}


   Skills:
 + Level 4.5 Fighting
 - Level 2.0 Maces & Flails
 + Level 6.9 Dodging
 - Level 2.0 Stealth
 - Level 5.0 Spellcasting
 - Level 7.5 Conjurations
 - Level 7.2 Air Magic


You had 6 spell levels left.
You knew the following spells:

 Your Spells              Type           Power        Failure   Level  Hunger
b - Lightning Bolt        Conj/Air       ####......   24%         5    ######.
r - Repel Missiles        Chrm/Air       ##....       8%          2    ##.....
t - Static Discharge      Conj/Air       ####....     2%          3    ###....
z - Shock                 Conj/Air       ####         1%          1    None
W - Swiftness             Chrm/Air       ##......     8%          2    ##.....


Dungeon Overview and Level Annotations

Branches:
Dungeon (7/15)             Temple (0/1) D:7

Altars:
Dithmenos
Makhleb
Nemelex Xobeh
Okawaru
Pakellas
Trog
The Shining One

Shops:
D:6 :

Annotations:
D:1 exclusion: downstairs


Message History

Something shocks you.
* * * LOW HITPOINT WARNING * * *
You miss something. Something hits you.
* * * LOW HITPOINT WARNING * * *
Something shocks you.
* * * LOW HITPOINT WARNING * * *
A sky beast appears from thin air!
Reactivating autopickup.
The sky beast looks more healthy.
The sky beast flickers out of sight!
Deactivating autopickup; reactivate with Ctrl-A.
There is a stone staircase leading up here.
You climb upwards.
There is a stone staircase leading down here.
You start resting.
You are feeling very hungry.
You start resting.
You are near starving!
You start resting.
HP restored.
Are you sure you want to abandon this character and quit the game? (Confirm with "yes".)

.░░..░░░░░.░░░░░░░........░░░....
..░..░░░░░.░ ░░░...░..░░░░░░░
.........).░ ░.........░
░........░░░░░░░ ░░..░░.▩░░.░░░░
░░░<.░░░.......░ ░..............
.....░ ░░░░░░░.░ ░..░░░.░░░.░░░░
.░░..░ ░.░ ░..░ ░.░ ░.░ .....░
░.░░░░..░ ░.░ ░.░░░░ ..░.░░
░..p....░░░.░░░..... ....░
░░░░░░.░░░...░░░░░░░ ..░░░
░.░░.....░░░░░░ ..░
░.............░ ..░░░░░░
░░░░.....░░░░.░ .<.....░
░░░░░...░░░░░.. ..░░░░.░
░.............. ..░░░░.░░░░░
░.░░░░.░░░░░... ...........░ ░.░
░.░░░░░...


There were no monsters in sight!

Vanquished Creatures
  Pikel (D:7)
  The ghost of Elystan the Shield-Bearer, a novice FoFi of Qazlal (D:6)
  The ghost of sveltemanboy the Chiller, an amateur HEIE of Ashenzari (D:5)
  2 orc warriors
  3 slaves (D:7)
  An ice beast (D:5)
  A necrophage (D:7)
  3 ogres
  3 centaurs
  2 giant frogs
  A scorpion (D:6)
  2 howler monkeys
  A giant frog zombie (D:5)
  A centaur zombie (D:6)
  3 crimson imps
  7 hounds
  4 orc priests
  2 centaur skeletons (D:5)
  3 iguanas
  4 orc wizards
  9 worker ants
  A killer bee zombie (D:6)
  The ghost of chinuro the Ducker, a weakling TrFi of Nemelex Xobeh (D:3)
  A worker ant zombie (D:5)
  7 gnolls
  9 adders
  A shadow imp (D:5)
  2 oozes
  An adder zombie (D:6)
  3 worms
  2 dart slugs
  6 giant geckos
  41 orcs
  2 ball pythons
  8 bats
  3 giant cockroaches
  9 goblins
  9 hobgoblins
  16 jackals
  7 quokkas
  7 giant newts
  9 kobolds
  A quokka zombie (D:5)
  4 rats (D:2)
205 creatures vanquished.

Notes
Turn   | Place    | Note
--------------------------------------------------------------
     0 | D:1      | utis the Human Air Elementalist began the quest for the Orb.
     0 | D:1      | Reached XP level 1. HP: 13/13 MP: 3/3
     6 | D:1      | Wohoooo, I'm invisible!
   515 | D:1      | Reached XP level 2. HP: 19/19 MP: 3/5
   541 | D:1      | Learned a level 2 spell: Repel Missiles
   544 | D:1      | Learned a level 2 spell: Swiftness
  1205 | D:1      | Reached XP level 3. HP: 24/24 MP: 4/6
  2585 | D:2      | Reached XP level 4. HP: 27/30 MP: 1/7
  2844 | D:2      | Found a sparkling altar of Nemelex Xobeh.
  2848 | D:2      | Found a bloodstained altar of Trog.
  3305 | D:2      | Found an iron altar of Okawaru.
  3308 | D:2      | Found a glowing golden altar of the Shining One.
  3525 | D:2      | Found a burning altar of Makhleb.
  3790 | D:3      | Noticed chinuro's ghost (weakling TrFi)
  4099 | D:3      | Found a shadowy altar of Dithmenos.
  4624 | D:3      | Reached XP level 5. HP: 35/35 MP: 3/8
  4667 | D:3      | Learned a level 3 spell: Static Discharge
  5125 | D:3      | Reached XP level 6. HP: 30/41 MP: 2/10
  5591 | D:3      | Killed chinuro's ghost
  7819 | D:4      | Reached XP level 7. HP: 24/46 MP: 5/11
  9115 | D:5      | Entered Level 5 of the Dungeon
  9175 | D:5      | Reached skill level 5 in Conjurations
  9175 | D:5      | Reached skill level 5 in Air Magic
  9522 | D:5      | Reached XP level 8. HP: 18/52 MP: 9/13
 10229 | D:5      | Noticed sveltemanboy's ghost (amateur HEIE)
 10233 | D:5      | Found an oddly glowing altar of Pakellas.
 10325 | D:5      | Killed sveltemanboy's ghost
 10923 | D:5      | Got an ominously black robe
 11791 | D:6      | Noticed Elystan's ghost (novice FoFi)
 12973 | D:5      | Reached XP level 9. HP: 40/57 MP: 12/15
 14232 | D:6      | Learned a level 5 spell: Lightning Bolt
 14251 | D:6      | Found an oddly glowing altar of Pakellas.
 14355 | D:6      | Killed Elystan's ghost
 14355 | D:6      | Reached skill level 5 in Dodging
 14498 | D:6      | Reached skill level 5 in Spellcasting
 14896 | D:6      | Reached skill level 1 in Fighting
 15189 | D:6      | Found Joaxauw's Book Emporium.
 15207 | D:6      | Reached skill level 1 in Maces & Flails
 15501 | D:7      | Found a staircase to the Ecumenical Temple.
 16390 | D:7      | Reached XP level 10. HP: 68/68 MP: 10/17
 16840 | D:7      | Noticed Pikel
 16921 | D:7      | Killed Pikel
 17225 | D:7      | Found Guomyukluo's Jewellery Shoppe.
 17565 | D:6      | Quit the game

Skill      XL: |  1  2  3  4  5  6  7  8  9 10 |
---------------+-------------------------------+-----
Conjurations   | 2 3 4 5 6 7 |  7.5
Air Magic      | 4 5 6 7 |  7.2
Spellcasting   | 3 4 5 |  5.0
Dodging        | 3 4 5 6 |  6.9
Fighting       | 2 4 |  4.5
Maces & Flails | 2 |  2.0
Stealth        | |  2.0

Action                   |  1- 3 |  4- 6 |  7- 9 | 10-12 || total
-------------------------+-------+-------+-------+-------++-------
Melee: Unarmed           |    10 |       |       |       ||    10
       Dagger            |     4 |    41 |    64 |     6 ||   115
       Whip              |    68 |    66 |    57 |    10 ||   201
Throw: Stone             |    11 |    34 |     2 |       ||    47
       Tomahawk          |       |     2 |    65 |     7 ||    74
 Cast: Shock             |    34 |    92 |   165 |    27 ||   318
       Repel Missiles    |     1 |     1 |       |       ||     2
       Swiftness         |       |     2 |     5 |       ||     7
       Static Discharge  |       |     1 |     7 |     2 ||    10
       Lightning Bolt    |       |       |     3 |       ||     3
  Use: Scroll            |     2 |     2 |     1 |       ||     5
       Potion            |       |     1 |       |       ||     1
 Stab: Sleeping          |       |     1 |     5 |       ||     6
  Eat: Chunk             |     6 |    13 |    23 |     2 ||    44
       Bread ration      |       |     1 |       |       ||     1
       Meat ration       |       |       |     1 |       ||     1
Dodge: Dodged            |    66 |    91 |   159 |    21 ||   337
       Deflected         |     2 |       |     2 |     1 ||     5
